 Dungeon Crawl Stone Soup version 0.22.2-1-ge965b3aba3 (webtiles) character file.

184 MordorOrchid the Firebug (level 5, -1/29 HPs)
             Began as a Deep Elf Fire Elementalist on Dec 27, 2019.
             Slain by an orc (3 damage)
             ... on level 3 of the Dungeon on Dec 28, 2019.
             The game lasted 00:09:50 (1226 turns).

MordorOrchid the Firebug (DEFE)                     Turns: 1226, Time: 00:09:50

Health: -1/29      AC:  2    Str:  5    XL:     5   Next: 36%
Magic:  3/13       EV: 13    Int: 21    God:
Gold:   134        SH:  0    Dex: 15    Spells: 3/12 levels left

rFire    . . .     SeeInvis +   y - +1 dagger (venom)
rCold    . . .     Gourm    .   (no shield)
rNeg     . . .     Faith    .   a - +0 robe
rPois    .         Spirit   .   p - +0 hat {SInv}
rElec    .         Reflect  .   (no cloak)
rCorr    +         Harm     .   (no gloves)
MR       .....                  (no boots)
Stlth    ++........             (no amulet)
HPRegen  0.09/turn              o - ring of resist corrosion
MPRegen  0.13/turn              (no ring)

@: no status effects
A: no striking features
a: no special abilities


You were on level 3 of the Dungeon.
You were not hungry.

You visited 1 branch of the dungeon, and saw 3 of its levels.

You collected 134 gold pieces.

Inventory:

Hand Weapons
 d - a +0 dagger
 j - a +0 shortbow
 y - a +1 dagger of venom (weapon)
Missiles
 m - 21 arrows
 t - 15 bolts
Armour
 a - a +0 robe (worn)
 p - a +0 hat of see invisible (worn)
Jewellery
 o - a ring of resist corrosion (left hand)
Wands
 s - a wand of acid (2)
Scrolls
 b - a scroll of fear {unknown}
 e - a scroll of amnesia {unknown}
 g - a scroll of identify {unknown}
 h - a scroll of remove curse
 k - a scroll of enchant weapon {unknown}
 l - 2 scrolls of immolation {unknown}
 q - a scroll of random uselessness {unknown}
Potions
 f - a potion of might {unknown}
 i - a potion of mutation {unknown}
 n - a potion of cancellation {unknown}
 r - 2 potions of heal wounds {unknown}
 v - a potion of haste {unknown}
Comestibles
 c - 3 rations


   Skills:
 * Level 1.2 Fighting
 * Level 3.3 Dodging
 - Level 3.0 Stealth
 + Level 4.1 Spellcasting
 * Level 2.8 Conjurations
 + Level 4.1 Fire Magic
 * Level 1.4 Evocations


You had 3 spell levels left.
You knew the following spells:

 Your Spells              Type           Power        Failure   Level  Hunger
a - Flame Tongue          Conj/Fire      ###..        2%          1    None
b - Throw Flame           Conj/Fire      ###...       4%          2    #......
c - Conjure Flame         Conj/Fire      ###.....     9%          3    ###....
d - Inner Flame           Hex/Fire       ##......     16%         3    ###....

Your spell library contained the following spells:

 Spells                   Type           Power        Failure   Level  Hunger
 Sticky Flame             Conj/Fire      ###.....     28%         4    ####...
 Fireball                 Conj/Fire      ###.......   61%         5    ######.


Dungeon Overview and Level Annotations

Branches:
Dungeon (3/15)

Altars:
Cheibriados
Okawaru
The Shining One


Message History

Casting: Flame Tongue (safe; 3% risk of failure)
Confirm with . or Enter, or press ? or * to list all spells.
Aiming: Flame Tongue (safe; 3% risk of failure)
Press: ? - help, Shift-Dir - straight line, f/p - orc priest
Aim: an orc priest, wielding a flail and wearing a leather armour (lightly wounded, poisoned)
The flame tongue hits the orc priest.
The orc priest is heavily wounded.
The orc priest hits you with a flail!
* * * LOW HITPOINT WARNING * * *
The orc hits you.
* * * LOW HITPOINT WARNING * * *
Casting: Flame Tongue (safe; 3% risk of failure)
Confirm with . or Enter, or press ? or * to list all spells.
Aiming: Flame Tongue (safe; 3% risk of failure)
Press: ? - help, Shift-Dir - straight line, f/p - orc priest
Aim: an orc priest, wielding a flail and wearing a leather armour (heavily wounded, poisoned)
The flame tongue hits the orc priest.
You kill the orc priest!
The orc hits you.
You die...

#.).....# ##.## #.#.#.#
†###########..#####.#.#.#
.'....................#.#
.############..####.#.#...
...................)o......
......#.######....).....###
......#.#.........#.....#
......#.#.......)o#.....#
......#'#.......@.#....o#
##.......######...........
##.....(.#### ##..#....##.
##....(.......###.#....#
#######+#.###.# #.. ...# .#
#...#'## .# #...#.# .# ##.#
.#


You could see an orc.

Vanquished Creatures
  2 orc priests (D:3)
  7 gnolls (D:3)
  An adder (D:2)
  2 dart slugs
  2 leopard geckos (D:1)
  2 orcs (D:3)
  4 bats
  2 giant cockroaches
  6 goblins
  5 hobgoblins
  2 frilled lizards
  6 kobolds
  7 rats
48 creatures vanquished.

Notes
Turn   | Place    | Note
-------+----------+-------------------------------------------
     0 | D:1      | MordorOrchid the Deep Elf Fire Elementalist began the quest
                  | for the Orb.
     0 | D:1      | Reached XP level 1. HP: 10/10 MP: 6/6
   105 | D:1      | Reached XP level 2. HP: 15/15 MP: 2/8
   109 | D:1      | Learned a level 2 spell: Throw Flame
   335 | D:1      | Found an iron altar of Okawaru.
   438 | D:2      | Reached XP level 3. HP: 20/20 MP: 4/9
   443 | D:2      | Learned a level 3 spell: Conjure Flame
   518 | D:2      | Found a glowing golden altar of the Shining One.
   519 | D:2      | Found a snail-covered altar of Cheibriados.
   948 | D:3      | Learned a level 3 spell: Inner Flame
   988 | D:3      | Reached XP level 4. HP: 22/24 MP: 1/11
  1043 | D:3      | Reached skill level 1 in Fighting
  1055 | D:3      | Reached skill level 1 in Evocations
  1216 | D:3      | Reached XP level 5. HP: 11/29 MP: 10/13
  1226 | D:3      | Slain by an orc

Skill      XL: |  1  2  3  4 |
---------------+-------------+-----
Stealth        | 3 |  3.0
Dodging        | 3 |  3.3
Conjurations   | 2 |  2.8
Fighting       | 1 |  1.2
Evocations     | 1 |  1.4
Fire Magic     | 4 |  4.1
Spellcasting   | 4 |  4.1

Action                   |  1- 3 |  4- 6 || total
-------------------------+-------+-------++-------
Melee: Dagger            |    11 |     3 ||    14
 Cast: Flame Tongue      |    46 |    16 ||    62
       Throw Flame       |     4 |     3 ||     7
       Conjure Flame     |     2 |     1 ||     3
Evoke: Wand              |     1 |     2 ||     3
  Use: Scroll            |       |     1 ||     1
 Stab: Sleeping          |     2 |       ||     2
       Distracted        |     1 |       ||     1
  Eat: Chunk             |       |     1 ||     1
Armor: Robe              |     3 |       ||     3
Dodge: Dodged            |    19 |    11 ||    30
